 Dungeon Crawl Stone Soup version 0.30-a0-989-g0d87f670db (webtiles) character file.

Game seed: 10632560724437297547

14625 cforsyth the Bludgeoner (level 12, -8/84 (105) HPs)
             Began as a Formicid Fighter on Apr 3, 2023.
             Was an Initiate of Ru.
             Mangled by a spectral orc warrior
             ... wielding a +0 halberd
             ... summoned by Nergalle
              (13 damage)
             ... on level 11 of the Dungeon.
             The game lasted 00:19:15 (12380 turns).

cforsyth the Bludgeoner (Formicid Fighter)         Turns: 12380, Time: 00:19:15

HP:   -8/84 (105)   AC: 12    Str: 25    XL:     12   Next: 47%
MP:   12/12         EV: 13    Int:  9    God:    Ru [......]
Gold: 773           SH:  4    Dex: 11    Spells: 11/11 levels left

rFire   + . .      SeeInvis +    L - +4 morningstar
rCold   . . .      Faith    .    c - +0 buckler
rNeg    . . .      Spirit   .    D - +2 chain mail {rF+}
rPois   +          Reflect  .    (helmet unavailable)
rElec   .          Rampage  .    y - +0 cloak
rCorr   .                        (no gloves)
Will    +....                    (no boots) Stlth
                                 X - amulet of regeneration
HPRegen 1.14/turn                r - +5 ring of evasion
MPRegen 0.13/turn                G - ring of poison resistance

@: heavily drained, invisible
A: permanent stasis, dig shafts and tunnels, antennae 3, clumsy 1, four strong
arms
a: Dig, Shaft Self, Renounce Religion


You were on level 11 of the Dungeon.
You worshipped Ru.
Ru was noncommittal.
You visited 2 branches of the dungeon, and saw 12 of its levels.
You also visited: Sewer.

You collected 773 gold pieces.

Inventory:

Hand Weapons
 a - a +0 flail
 v - a +1 flail of venom
 w - a +2 flail of freezing
 C - a +2 flail of holy wrath
 L - a +4 morningstar (weapon)
Missiles
 l - 5 throwing nets
Armour
 b - a +0 scale mail
 c - a +0 buckler (worn)
 t - a +0 plate armour
 y - a +0 cloak (worn)
 D - a +2 chain mail of fire resistance (worn)
 H - the +3 ring mail "Laneuzon" {rElec rN+ Str+6 Stlth-}
   (You found it on level 5 of the Dungeon)

   Str:       It affects your strength (+6).
   rElec:     It insulates you from electricity.
   rN:        It protects you from negative energy.
   Stlth:     It makes you less stealthy.
Jewellery
 r - a +5 ring of evasion (left hand)
 x - an amulet of the acrobat
 G - a ring of poison resistance (right hand)
 N - a ring of protection from cold
 T - a +5 ring of evasion
 X - an amulet of regeneration (around neck)
Wands
 e - a wand of quicksilver (2)
 B - a wand of flame (6)
 I - a wand of mindburst (24)
 Q - a wand of roots (12)
 U - a wand of polymorph (11)
Scrolls
 j - 2 scrolls of vulnerability
 k - a scroll of silence
 m - a scroll of magic mapping
 p - 3 scrolls of brand weapon {unknown}
 q - 2 scrolls of noise {unknown}
 s - 2 scrolls of enchant armour {unknown}
 u - 2 scrolls of enchant weapon {unknown}
 F - 2 scrolls of torment {unknown}
 J - 2 scrolls of poison {unknown}
 K - 4 scrolls of fear {unknown}
 M - a scroll of immolation {unknown}
 S - a scroll of amnesia {unknown}
 W - a scroll of fog {unknown}
Potions
 d - 3 potions of might
 f - 2 potions of curing
 h - a potion of heal wounds
 i - 4 potions of lignification
 n - 2 potions of flight
 o - 4 potions of attraction
 z - 2 potions of mutation
 A - 2 potions of invisibility
 E - 2 potions of resistance
 O - 2 potions of berserk rage {unknown}
 P - 2 potions of cancellation {unknown}
 V - a potion of brilliance {unknown}


   Skills:
 + Level 13.6 Fighting
 + Level 15.1 Maces & Flails
 - Level 3.2 Armour
 - Level 4.0 Shields


You had 11 spell levels left.
You didn't know any spells.
Your spell library contained the following spells:

 Spells                   Type           Power      Damage    Failure   Level
 Apportation              Tloc           0%         N/A       98%         1
 Freeze                   Ice            0%         1d3       98%         1
 Necrotise                Necr           0%         1d4       98%         1
 Summon Small Mammal      Summ           0%         N/A       98%         1
 Searing Ray              Conj           0%         2d4       99%         2
 Call Canine Familiar     Summ           0%         N/A       100%        3
 Frozen Ramparts          Ice            0%         1d1       100%        3
 Gell's Gravitas          Tloc           0%         N/A       100%        3
 Hailstorm                Conj/Ice       0%         3d3       100%        3
 Ignite Poison            Fire/Tmut/Pois 0%         N/A       100%        3
 Kindle Blastsparks       Fire/Tloc/Air  0%         2d10      100%        3
 Portal Projectile        Hex/Tloc       0%         N/A       100%        3
 Teleport Other           Tloc           0%         N/A       100%        3
 Leda's Liquefaction      Hex/Erth       0%         N/A       100%        4
 Sticky Flame             Conj/Fire      0%         2d3       100%        4
 Dispersal                Tloc           0%         N/A       100%        6
 Starburst                Conj/Fire      0%         6d3       100%        6
 Ignition                 Fire           0%         3d3       100%        8


Dungeon Overview and Level Annotations

Branches:
Dungeon (11/15)            Temple (1/1) D:5            Lair (0/5) D:9
  Sewer (visited)
    Orc: D:9-12

Altars:
Ashenzari
Cheibriados
Dithmenos
Elyvilon
Fedhas
Gozag
Hepliaklqana
Kikubaaqudgha
Makhleb
Nemelex Xobeh
Okawaru
Qazlal
Ru
Sif Muna
Trog
Uskayaw
Vehumet
Wu Jian
Xom
Yredelemnul
Zin
The Shining One

Shops:
D:1 =

Annotations:
D:7 Dowan, Duvessa
D:11 3 runed translucent doors, Nergalle; dolemite99's ghost, journeyman DsRe


Innate Abilities, Weirdness & Mutations

You cannot be hasted, slowed, berserked, paralysed or teleported.
You can dig through walls and to a lower floor.
You have a pair of large antennae on your head. (SInv)
You are clumsy. (Dex -2)
Your four strong arms can wield two-handed weapons with a shield.


Message History

* * * LOW HITPOINT WARNING * * *
The spectral orc knight hits you with a +0 dire flail!
* * * LOW HITPOINT WARNING * * *
You feel drained.
The spectral orc warrior closely misses you.
The spectral orc warrior misses you. Nergalle closely misses you.
You feel much better.
The spectral orc knight hits you from afar with a +0 halberd!
* * * LOW HITPOINT WARNING * * *
The spectral orc knight hits you with a +0 great mace!
* * * LOW HITPOINT WARNING * * *
The spectral orc knight barely misses you.
You block the spectral orc warrior's attack.
The spectral orc warrior hits you but does no damage.
Nergalle closely misses you.
You feel much better.
The spectral orc knight hits you with a +0 great mace!
* * * LOW HITPOINT WARNING * * *
You block the spectral orc knight's attack. x2
You block the spectral orc warrior's attack.
The spectral orc warrior hits you with a +0 hand axe!
* * * LOW HITPOINT WARNING * * *
Nergalle hits you with a +0 dagger.
* * * LOW HITPOINT WARNING * * *
You feel much better.
The spectral orc knight barely misses you.
The spectral orc warrior barely misses you.
The spectral orc knight misses you.
The spectral orc knight hits you from afar with a +0 halberd!
* * * LOW HITPOINT WARNING * * *
You feel drained.
* * * LOW HITPOINT WARNING * * *
You block the spectral orc warrior's attack.
Nergalle hits you with a +0 dagger.
* * * LOW HITPOINT WARNING * * *
You fade into invisibility!
The spectral orc knight barely misses you.
The spectral orc knight hits you but does no damage. x2
The spectral orc warrior hits you from afar with a +0 halberd!
You die...

########################
.....................=.#
..####...####..........#
..# #...# #..........#
..# #...# #..........#
..# #...# #.Z..Z.....#
..# #...# #..ZZ..(...#
..# #...# #..Z@......#
..# #...# #=.o.......#
..# #...# #..........#
..# #...# #..........#
..####...# #..........#
.........# #..........#
....)Z...####..........#
.#####...)............/#
.# #................


You could see Nergalle, 2 spectral orc warriors and 3 spectral orc knights.

Vanquished Creatures
  Harold (D:11)
  3 two-headed ogres
  Sonja (D:11)
  An orc knight (D:11)
  Pikel (D:5)
  3 centaur zombies (D:11)
  A manticore (D:9)
  Psyche (D:8)
  A gargoyle (D:11)
  A komodo dragon (D:10)
  2 hornets
  Grinder (Sewer)
  3 trolls
  3 vampires
  4 wraiths
  4 shadows (D:11)
  A basilisk (D:11)
  9 yaks
  6 vampire mosquitoes
  A steam dragon (D:9)
  Eustachio (D:6)
  Edmund (D:5)
  A water moccasin (D:5)
  An ice beast (D:6)
  An orc warrior (D:10)
  2 sky beasts (D:5)
  A black bear (D:5)
  2 centaurs
  A lemure (D:5)
  3 kobold brigands
  2 gnoll sergeants
  6 bullfrogs
  5 scorpions (D:5)
  8 wights
  A howler monkey (D:4)
  A quasit (Sewer)
  2 hounds
  8 orc priests
  3 jellies
  A gnoll bouda (D:4)
  4 iguanas
  6 orc wizards
  2 sleepcaps
  A statue (D:4)
  13 gnolls
  11 adders
  2 shadow imps (Sewer)
  A white imp (D:5)
  5 ufetubi (Sewer)
  2 worms (D:2)
  4 dart slugs
  20 orcs
  3 endoplasms
  4 giant cockroaches
  5 goblins
  7 hobgoblins
  2 jackals (D:4)
  A quokka (D:2)
  7 ball pythons
  3 bats
  2 frilled lizards
  A giant cockroach zombie (Sewer)
  27 kobolds
  7 rats
239 creatures vanquished.

Vanquished Creatures (others)
  A bat zombie (Sewer)
  An endoplasm (Sewer)
  A goblin (D:6)
  A kobold zombie (Sewer)
  3 withered plants (D:11)
7 creatures vanquished.

Grand Total: 246 creatures vanquished

Notes
Turn   | Place    | Note
-------+----------+-------------------------------------------
     0 | D:1      | cforsyth the Formicid Fighter began the quest for the Orb.
     0 | D:1      | Reached XP level 1. HP: 18/18 MP: 1/1
   136 | D:1      | Reached XP level 2. HP: 21/24 MP: 2/2
   258 | D:1      | Found Bioh's Jewellery Shoppe.
   937 | D:2      | Reached skill level 3 in Maces & Flails
   937 | D:2      | Reached XP level 3. HP: 30/30 MP: 3/3
  1439 | D:2      | Reached XP level 4. HP: 37/37 MP: 4/4
  2396 | D:4      | Reached skill level 4 in Maces & Flails
  2396 | D:4      | Reached XP level 5. HP: 40/43 MP: 5/5
  2598 | D:4      | Found a white marble altar of Elyvilon.
  2757 | D:4      | Found a radiant altar of Vehumet.
  2757 | D:4      | Noticed a charred statue
  2766 | D:4      | Reached skill level 5 in Maces & Flails
  2766 | D:4      | Reached XP level 6. HP: 33/50 MP: 6/6
  2767 | D:4      | Reached skill level 5 in Fighting
  2777 | D:4      | Reached XP level 7. HP: 17/56 MP: 7/7
  2951 | D:4      | Reached skill level 6 in Maces & Flails
  3423 | D:5      | Entered Level 5 of the Dungeon
  3495 | D:5      | Noticed Pikel
  3546 | D:5      | Killed Pikel
  3547 | D:5      | Reached skill level 7 in Maces & Flails
  3547 | D:5      | Reached XP level 8. HP: 22/65 MP: 8/8
  3554 | D:5      | Found a glowing drain.
  3674 | Sewer    | Entered a sewer
  3801 | Sewer    | Reached skill level 8 in Maces & Flails
  3984 | Sewer    | Found a burning altar of Makhleb.
  3985 | Sewer    | Noticed Grinder
  3995 | Sewer    | Killed Grinder
  4092 | Sewer    | Reached XP level 9. HP: 67/72 MP: 9/9
  4341 | D:5      | Noticed Edmund
  4343 | D:5      | Found a sparkling altar of Nemelex Xobeh.
  4358 | D:5      | Killed Edmund
  4359 | D:5      | Reached skill level 9 in Maces & Flails
  4909 | D:5      | Found a staircase to the Ecumenical Temple.
  4925 | Temple   | Entered the Ecumenical Temple
  5295 | D:5      | Identified the +3 ring mail "Laneuzon" {rElec rN+ Str+6
                  | Stlth-}
  5487 | D:6      | Noticed a troll
  5487 | D:6      | Found a shimmering altar of Xom.
  5501 | D:5      | Reached skill level 10 in Maces & Flails
  5749 | D:5      | Killed a troll
  5764 | D:6      | Found a blossoming altar of Fedhas.
  6029 | D:6      | Noticed Eustachio
  6043 | D:6      | Killed Eustachio
  6061 | D:6      | Found a sacrificial altar of Ru.
  6080 | D:6      | Became a worshipper of Ru the Awakened
  6141 | D:6      | Reached XP level 10. HP: 36/82 MP: 10/10
  6143 | D:6      | You fall into a shaft and drop 1 floor!
  6443 | D:7      | Noticed Duvessa
  6443 | D:7      | Noticed Dowan
  6475 | D:5      | Reached skill level 11 in Maces & Flails
  7523 | D:6      | Gained mutation: You are clumsy. (Dex -2) [Ru sacrifice]
  8107 | D:7      | Found a shadowy altar of Dithmenos.
  8107 | D:7      | Found a shimmering blue altar of Sif Muna.
  8302 | D:8      | Reached skill level 12 in Maces & Flails
  8305 | D:8      | Noticed Psyche
  8315 | D:8      | Killed Psyche
  8408 | D:8      | Reached skill level 10 in Fighting
  8690 | D:8      | Found an ornate altar of the Wu Jian Council.
  8961 | D:9      | Found a hazy altar of Hepliaklqana.
  9295 | D:9      | Reached XP level 11. HP: 36/92 MP: 11/11
  9484 | D:9      | Noticed a manticore
  9496 | D:9      | Killed a manticore
  9497 | D:9      | Reached skill level 13 in Maces & Flails
  9789 | D:9      | Noticed a two-headed ogre
  9800 | D:9      | Killed a two-headed ogre
  9979 | D:9      | Found a staircase to the Lair.
 10107 | D:10     | Entered Level 10 of the Dungeon
 10306 | D:10     | Noticed a two-headed ogre
 10327 | D:10     | Killed a two-headed ogre
 10605 | D:10     | Reached skill level 14 in Maces & Flails
 11056 | D:11     | Noticed a minotaur
 11057 | D:11     | Noticed dolemite99's ghost (journeyman DsRe)
 11067 | D:11     | Found a runed translucent gate.
 11067 | D:11     | Found a runed translucent gate.
 11067 | D:11     | Found a runed translucent gate.
 11078 | D:11     | Noticed a two-headed ogre
 11100 | D:11     | Killed a two-headed ogre
 11712 | D:11     | Reached XP level 12. HP: 98/103 MP: 12/12
 11840 | D:11     | Noticed Sonja
 11849 | D:11     | Killed Sonja
 11863 | D:11     | Noticed Harold
 11874 | D:11     | Killed Harold
 11976 | D:11     | Reached skill level 15 in Maces & Flails
 12032 | D:11     | Noticed a centaur warrior
 12190 | D:11     | Got Byph's Collected Works on Burning Assaults
 12194 | D:11     | Noticed Nergalle
 12379 | D:11     | HP: 4/84 [Nergalle/+0 dagger (3)]
 12380 | D:11     | Mangled by a spectral orc warrior

Illustrated notes

Levels and vault maps discovered:
D:1:      lightli_molten_gateway, layout_basic, serial_shops, shop,
          minmay_misc_feat_ornament, corexii_item_surrounded_by_moat
D:2:      minmay_evil_eye, layout_basic, kennysheep_generic_room_2
D:3:      layout_loops_corners
D:4:      layout_rooms, vehumet_statue, minmay_ruined_shrine
D:5:      layout_basic, mainiacjoe_overflow_cross_hatched,
          minmay_temple_entry_proselytizer, portal_sewer_entry_e, uniq_edmund,
          uniq_pikel
D:6:      layout_cave_pools, dk_xom_monty_hall, mainiacjoe_overflow_alcove_1,
          kennysheep_mini, uniq_eustachio
D:7:      layout_gridville, gammafunk_temple_overflow_wave, uniq_duvessa
D:8:      layout_basic, pdpol_wu_jian_five_deadly_venoms, uniq_psyche
D:9:      layout_long_grid, mainiacjoe_overflow_chevrons, lair_entry_dummy,
          minmay_strange_pillars, minmay_misc_feat_chi
D:10:     layout_irregular_city
D:11:     layout_long_grid, serial_undead, serial_undead_f, serial_undead_d,
          serial_undead_c, serial_undead_b, serial_undead_d,
          maelrawn_ghost_gauntlet_escape, grunt_tough_drop, uniq_sonja,
          uniq_harold, uniq_nergalle
Temple:   compressed_dpeg_triangle_lava_temple

Skill      XL: |  1  2  3  4  5  6  7  8  9 10 11 12 |
---------------+-------------------------------------+-----
Maces & Flails | 3 4 5 7 8 10 12 14 15 | 15.1
Fighting       | 4 5 6 7 8 10 12 13 | 13.6
Armour         | |  3.2
Shields        | |  4.0

Action                     |  1- 3 |  4- 6 |  7- 9 | 10-12 || total
---------------------------+-------+-------+-------+-------++-------
  Melee: Flail             |    99 |   145 |   275 |   302 ||   821
         Morningstar       |       |       |       |   149 ||   149
 Invoke: Sacrifice Purity  |       |       |       |     1 ||     1
         Reject Sacrifices |       |       |       |     1 ||     1
Ability: Shaft Self        |       |       |       |     1 ||     1
  Evoke: Wand              |       |       |     1 |       ||     1
    Use: Scroll            |       |       |     8 |     5 ||    13
         Potion            |       |       |     3 |     9 ||    12
 Armour: Scale mail        |    42 |    25 |       |       ||    67
         Plate armour      |       |    75 |   115 |       ||   190
         Chain mail        |       |       |    61 |   137 ||   198
  Dodge: Dodged            |    45 |    55 |   124 |   313 ||   537
  Block: Buckler           |    22 |    48 |    68 |   107 ||   245

Table legend: (Time is in decaauts)
 A = Elapsed time spent in this place.
 B = Non-inter-level travel time spent in this place.
 C = Inter-level travel time spent in this place.
 D = Time resting spent in this place.
 E = Time spent auto-exploring this place.
 F = Levels seen in this place.
 G = Mean time per level.
                   A        B        C        D        E       F      G
               +--------+--------+--------+--------+--------+-----+--------+
         Total |  12375 |  11953 |    422 |   1675 |   7884 |  13 |  951.9 |
       Dungeon |  11422 |  11022 |    400 |   1514 |   7364 |  11 | 1038.4 |
        Temple |    343 |    321 |     22 |      0 |    313 |   1 |  343.0 |
         Sewer |    609 |    609 |      0 |    161 |    207 |   1 |  609.0 |
               +--------+--------+--------+--------+--------+-----+--------+

Top non-repeatable levels by time:
     D:5: 1583 daAuts
    D:10: 1384 daAuts
     D:6: 1178 daAuts
     D:9: 1152 daAuts
     D:7: 1091 daAuts
     D:4: 1043 daAuts
     D:3: 889 daAuts
     D:1: 883 daAuts
    D:11: 841 daAuts
     D:2: 721 daAuts
     D:8: 651 daAuts
   Sewer: 609 daAuts
  Temple: 343 daAuts
